Map: Prion Terraces

Players

万能虚空王 (XiGua) - Winner!

  • Race: Zerg Zerg
  • League: Grandmaster

Rex

  • Race: Protoss Protoss
  • League: Master

Event: NationWars III

VOD

Have the link to the VOD?

Description

Time

  • Played on: Dec. 3, 2015, 3:13 p.m.
  • Length: 14:16

All games in this series

Show
View Real Time Build Order
Export as new Build Order

万能虚空王 Zerg - Winner!

Build Orders: 3 Hatch before Pool 

Get SALT Encoding   

  12  0:01  Drone  
  13  0:09  Drone  
  14  0:17  Overlord  
  14  0:22  Extractor  
  14  0:24  Drone  
  15  0:35  Drone x2  
  17  0:44  Drone  
  18  0:57  Hatchery  
  17  1:02  Drone  
  18  1:07  Drone  
  19  1:16  Drone  
  20  1:27  Hatchery  
  20  1:31  Drone  
  20  1:46  Spawning Pool  
  19  1:48  Extractor  
  19  1:49  Drone  
  19  1:51  Drone  
  20  2:00  Drone  
  21  2:11  Drone  
  21  2:13  Drone  
  23  2:28  Drone  
  23  2:29  Drone  
  25  2:32  Queen  
  25  2:35  Queen  
  25  2:36  Extractor  
  29  2:41  Queen  
  31  2:46  Zergling x2  
  31  2:47  Zergling x2  
  31  2:51  Metabolic Boost  
  33  2:53  Drone  
  34  2:58  Overlord  
  34  3:08  Overlord  
  34  3:16  Queen  
  34  3:17  Overlord  
  34  3:18  Drone x3  
  34  3:19  Drone  
  40  3:22  Drone  
  40  3:23  Drone  
  40  3:26  Overlord  
  42  3:28  Drone  
  42  3:30  Drone  
  42  3:31  Drone  
  42  3:34  Drone  
  46  3:40  Drone  
  46  3:41  Drone  
  48  3:45  Drone  
  48  3:46  Drone x2  
  51  3:50  Overlord  
  51  3:52  Drone x3  
  51  3:55  Extractor  
  53  3:57  Roach Warren  
  53  3:59  Drone x2  
  54  4:03  Zergling x8  
  54  4:07  Drone  
  59  4:23  Drone x3  
  59  4:27  Spore Crawler  
  59  4:30  Spore Crawler  
  57  4:33  Spore Crawler  
  57  4:37  Zergling x20  
  66  4:41  Roach  
  66  4:44  Overlord  
  66  4:45  Overlord  
  68  4:46  Overlord  
  68  4:53  Overlord  
  68  4:58  Extractor  
  67  5:03  Ravager  
  67  5:05  Roach x8  
  84  5:10  Overlord x3  
  84  5:15  Roach  
  85  5:22  Roach x2  
  85  5:24  Overlord  
  89  5:30  Ravager x2  
  89  5:33  Zergling x14  
  98  5:39  Ravager  
  98  5:40  Roach, Zergling x4  
  103  5:43  Roach  
  103  5:46  Roach  
  104  5:50  Roach  
  104  5:55  Roach x2  
  99  5:58  Roach, Zergling x2  
  99  5:59  Zergling x2  
  99  6:01  Zergling x2  
  100  6:05  Zergling x2  
  96  6:11  Lair  
  96  6:12  Zergling x8  
  96  6:15  Zergling x4  
  102  6:22  Overlord  
  102  6:29  Zergling x4  
  102  6:32  Evolution Chamber  
  103  6:33  Zergling x2  
  103  6:35  Hatchery  
  103  6:40  Zergling x6  
  103  6:41  Overlord, Zergling x6  
  109  6:49  Zergling x6  
  109  6:52  Zergling x4  
  112  7:00  Zergling x2  
  113  7:02  Queen  
  113  7:04  Ravager x2  
  113  7:08  Glial Reconstitution  
  117  7:09  Drone x3  
  117  7:11  Drone x6  
  117  7:13  Extractor  
  117  7:14  Extractor  
  117  7:15  Extractor  
  123  7:18  Pneumatized Carapace  
  123  7:19  Drone, Overseer  
  123  7:22  Drone  
  125  7:23  Drone  
  125  7:28  Drone x2  
  128  7:31  Drone, Zerg Melee Weapons Level 1  
  128  7:32  Drone x2  
  131  7:40  Overlord  
  131  7:42  Overlord  
  128  7:46  Drone x2  
  128  7:47  Drone, Infestation Pit  
  128  7:48  Drone  
  128  7:49  Evolution Chamber  
  130  7:52  Drone x3  
  130  7:56  Drone x4  
  136  8:07  Zergling x10  
  136  8:08  Zergling x8  
  145  8:18  Hatchery  
  144  8:20  Zerg Ground Armor Level 1  
  144  8:26  Hive  
  144  8:31  Pathogen Glands  
  140  8:37  Zergling x20  
  133  8:45  Zergling x14  
  133  8:47  Zergling x2  
  132  8:52  Zergling x2  
  132  8:53  Zergling x10  
  138  9:00  Infestor  
  138  9:01  Infestor x2  
  138  9:02  Infestor  
  144  9:07  Overlord  
  144  9:08  Overlord  
  146  9:29  Spire  
  144  9:31  Drone x3  
  144  9:32  Drone x3  
  144  9:37  Zergling x18  
  159  9:45  Ultralisk Cavern  
  157  9:46  Adrenal Glands, Extractor  
  157  9:47  Extractor  
  147  10:07  Zerg Melee Weapons Level 2  
  147  10:18  Overlord x2  
  147  10:23  Hatchery  
  146  10:31  Overlord  
  146  10:33  Chitinous Plating  
  146  10:35  Ultralisk x3  
  164  10:38  Ultralisk  
  168  10:45  Ultralisk  
  175  10:50  Zergling x12  
  175  10:55  Zergling x10  
  185  10:58  Greater Spire  
  182  11:06  Corruptor x2  
  184  11:13  Corruptor x2  
  184  11:15  Zergling x8  
  179  11:46  Corruptor x2  
  155  12:12  Brood Lord x2  
  155  12:13  Brood Lord x2  
  161  12:16  Corruptor  
  161  12:19  Brood Lord x2  
  166  12:26  Ultralisk  
  166  12:29  Zergling x62  
  199  12:33  Drone x2  
  198  12:51  Extractor  
  198  12:53  Extractor  
  198  12:55  Overseer  
  196  13:03  Zergling x6  
  196  13:05  Overlord x2  
  197  13:21  Overlord  
  197  13:25  Brood Lord  
  189  13:32  Ultralisk x3  
Show
View Real Time Build Order
Export as new Build Order

Rex Protoss 

Build Orders: Nexus First, Blink Stalkers 

Get SALT Encoding   

  12  0:01  Probe (Chrono Boost)  
  13  0:11  Probe (Chrono Boost)  
  14  0:18  Pylon  
  14  0:22  Probe (Chrono Boost)  
  15  0:36  Probe (Chrono Boost)  
  16  0:47  Probe (Chrono Boost)  
  17  0:59  Nexus  
  17  1:00  Probe (Chrono Boost)  
  18  1:11  Gateway  
  18  1:13  Probe (Chrono Boost)  
  19  1:20  Assimilator  
  19  1:24  Probe (Chrono Boost)  
  20  1:34  Probe (Chrono Boost)  
  21  1:43  Assimilator  
  21  1:45  Probe (Chrono Boost)  
  22  1:55  Probe (Chrono Boost)  
  23  2:01  Pylon  
  23  2:07  Cybernetics Core  
  23  2:11  Probe (Chrono Boost)  
  23  2:12  Probe (Chrono Boost)  
  25  2:22  Probe (Chrono Boost)  
  27  2:23  Probe (Chrono Boost)  
  27  2:32  Gateway, Probe (Chrono Boost)  
  27  2:33  Probe (Chrono Boost)  
  29  2:41  Mothership Core (Chrono Boost)  
  29  2:43  Probe (Chrono Boost)  
  29  2:44  Adept (Chrono Boost)  
  34  2:45  Warp Gate  
  34  2:52  Twilight Council  
  34  2:54  Probe  
  35  3:00  Probe  
  36  3:07  Probe  
  36  3:08  Adept (Chrono Boost)  
  36  3:11  Probe  
  38  3:13  Assimilator  
  38  3:16  Gateway  
  38  3:18  Assimilator  
  38  3:19  Probe  
  40  3:22  Probe  
  40  3:23  Pylon, Blink (Chrono Boost)  
  41  3:31  Probe  
  41  3:32  Probe  
  43  3:34  Adept (Chrono Boost)  
  45  3:43  Probe x2  
  47  3:48  Robotics Facility  
  47  3:49  Gateway  
  47  3:52  Pylon  
  47  3:57  Probe  
  48  4:04  Gateway  
  48  4:05  Gateway  
  48  4:10  Pylon  
  48  4:15  Gateway  
  48  4:19  Gateway  
  44  4:35  Pylon  
  44  4:39  Warp Prism (Chrono Boost)  
  46  4:47  Sentry x2  
  46  4:48  Sentry  
  46  4:52  Stalker  
  54  4:56  Pylon  
  54  5:00  Stalker  
  56  5:08  Stalker, Pylon  
  56  5:11  Stalker  
  56  5:12  Stalker x2, Observer (Chrono Boost)  
  56  5:13  Stalker  
  67  5:17  Stalker  
  67  5:20  Stalker  
  71  5:32  Stalker x2  
  75  5:39  Stalker x2  
  75  5:40  Stalker  
  75  5:42  Stalker  
  83  5:53  Adept x3  
  77  6:00  Probe x2  
  68  6:16  Robotics Bay  
  68  6:17  Stalker x2  
  72  6:23  Pylon  
  72  6:24  Pylon  
  72  6:34  Pylon  
  72  6:35  Stalker x4  
  80  6:41  Pylon  
  80  6:51  Probe x2  
  84  6:55  Observer (Chrono Boost)  
  83  7:09  Nexus  
  83  7:10  Pylon x2  
  86  7:15  Probe  
  86  7:16  Probe  
  86  7:18  Disruptor (Chrono Boost)  
  88  7:32  Stalker x4  
  88  7:35  Probe  
  97  7:38  Probe  
  98  7:47  Probe  
  98  7:49  Disruptor (Chrono Boost)  
  98  7:50  Probe  
  98  7:51  Robotics Facility  
  103  7:53  Pylon  
  106  8:20  Probe x2, Disruptor (Chrono Boost)  
  106  8:21  Probe  
  109  8:31  Probe  
  109  8:33  Probe  
  111  8:38  Adept x4  
  111  8:40  Adept x2  
  117  8:46  Probe  
  108  8:51  Disruptor (Chrono Boost)  
  113  9:00  Assimilator  
  113  9:01  Assimilator  
  114  9:03  Disruptor (Chrono Boost)  
  114  9:07  Adept x4  
  122  9:22  Disruptor (Chrono Boost)  
  122  9:23  Nexus  
  125  9:25  Pylon  
  117  9:35  Stalker x2  
  117  9:36  Stalker x3  
  130  9:39  Disruptor (Chrono Boost)  
  126  9:54  Stalker  
  126  9:55  Stalker  
  126  9:56  Stalker  
  126  9:58  Probe x2  
  134  10:04  Pylon  
  134  10:10  Probe  
  134  10:13  Pylon  
  135  10:15  Pylon  
  135  10:16  Disruptor (Chrono Boost), Pylon  
  135  10:19  Probe x2  
  135  10:20  Stalker, Disruptor (Chrono Boost)  
  144  10:42  Probe x2  
  146  10:45  Assimilator  
  146  10:46  Assimilator  
  146  10:47  Disruptor (Chrono Boost)  
  146  10:48  Pylon  
  149  10:50  Stalker x3  
  157  11:04  Warp Prism (Chrono Boost)  
  145  11:26  Adept x2  
  145  11:27  Adept x2  
  145  11:28  Adept x3  
  159  11:33  Gateway  
  159  11:36  Gateway  
  151  11:45  Mothership Core (Chrono Boost)  
  133  11:47  Adept x4  
  133  11:49  Adept  
  137  12:00  Probe (Chrono Boost)  
  137  12:01  Probe x2 (Chrono Boost)  
  128  12:03  Probe (Chrono Boost)  
  125  12:11  Probe (Chrono Boost)  
  125  12:13  Probe (Chrono Boost)  
  126  12:16  Probe (Chrono Boost)  
  126  12:19  Stalker  
  126  12:20  Stalker x3  
  126  12:22  Probe (Chrono Boost)  
  134  12:25  Probe x2 (Chrono Boost)  
  134  12:28  Probe (Chrono Boost)  
  137  12:33  Probe (Chrono Boost)  
  137  12:36  Probe (Chrono Boost)  
  140  12:37  Probe (Chrono Boost)  
  140  12:38  Gateway  
  140  12:40  Probe (Chrono Boost)  
  141  12:45  Probe (Chrono Boost)  
  141  12:46  Cybernetics Core  
  142  12:53  Robotics Bay  
  138  13:38  Disruptor  
  134  13:51  Stalker x3  
Tags
 
Add a new tag
Caveats
  • Supply blocks, unpowered buildings, or Contaminate may cause inaccurate times.
  • Supply counts are checked every 10 seconds.